Capitals vs Blue Jackets
Created - 23 septembre 2014 at 19:22
Goals
|
| Capitals |
0 |
2 |
1 |
3 |
| Blue Jackets |
1 |
2 |
1 |
4 |
|
Shots
|
| Capitals |
7 |
14 |
9 |
30 |
| Blue Jackets |
12 |
7 |
15 |
34 |
|
1st period
1. Blue Jackets , Ramzi Abid 1 (Jason Ward, Chris Kelly) at 13:33
Penalties :
David Booth (Clb) for Holding (Minor) at 0:11, Jay Harrison (Was) for Slashing (Minor) at 14:20
2nd period
2. Blue Jackets , David Booth 1 (Marc Savard, Kevin Bieksa) at 6:32
3. Capitals , Thomas Vanek 1 (Jarome Iginla, Nicklas Backstrom) at 7:02 (PP)
4. Capitals , Ales Hemsky 1 (Paul Stastny, Jamie Benn) at 10:18
5. Blue Jackets , Chris Kelly 1 (Brad Stuart) at 18:46
Penalties :
Branislav Mezei (Clb) for Tripping (Minor) at 2:59, Marc Savard (Clb) for Interference (Minor) at 6:40, Ramzi Abid (Clb) for Hooking (Minor) at 6:49, Jamie Benn (Was) for Roughing (Minor) at 16:31, Nicklas Backstrom (Was) for High sticking (Minor) at 19:07
3rd period
6. Capitals , Jamie Benn 1 (Ales Hemsky, Paul Stastny) at 13:14
7. Blue Jackets , Dave Steckel 1 (Adam Deadmarsh, Jeff Taffe) at 17:46
Penalties :
Pavel Bure (Clb) for Slashing (Minor) at 0:09, Jamie Benn (Was) for Hooking (Minor) at 14:15, Jason Ward (Clb) for Holding (Minor) at 17:51
Goalie Stats
Jonathan Bernier (Was), 30 saves from 34 shots - (0,882), L, 0-1-0, 59:10 minutes
Rick DiPietro (Clb), 27 saves from 30 shots - (0,900), W, 1-0-0, 60:00 minutes
Players Stats for Capitals
Player Name G A P +/- PIM S H SB GA TA FO MP PP MP PK MP
------------------------------------------------------------------------------------
Ales Hemsky 1 1 2 1 0 6 3 0 0 0 0/0 9:37 0:00 0:00
Anton Volchenkov 0 0 0 2 0 1 0 0 0 1 0/0 17:58 3:51 3:04
Chris Kunitz 0 0 0 0 0 0 0 0 0 0 0/0 10:30 3:58 0:00
David Krejci 0 0 0 0 0 0 0 0 0 0 1/2 7:19 0:00 0:47
James Van Riemsdyk 0 0 0 0 0 0 0 0 0 0 0/0 8:01 0:00 1:48
Jamie Benn 1 1 2 1 4 1 1 0 1 0 0/0 9:37 0:00 0:00
Jarome Iginla 0 1 1 -1 0 2 2 0 0 2 2/6 23:37 4:46 3:47
Jay Harrison 0 0 0 2 2 0 1 0 0 0 0/0 11:46 0:00 0:00
Nicklas Backstrom 0 1 1 -1 2 5 1 0 0 1 18/32 21:39 5:15 2:25
Paul Stastny 0 2 2 1 0 2 4 0 0 0 3/5 14:42 3:58 1:24
Phil Kessel 0 0 0 -2 0 2 0 0 0 0 1/2 13:26 0:23 0:00
Ryan Getzlaf 0 0 0 -2 0 4 1 0 0 0 6/17 17:11 3:52 0:00
Ryan Suter 0 0 0 -1 0 3 4 1 0 0 0/0 25:35 3:51 3:04
Sergei Gonchar 0 0 0 -1 0 1 0 4 0 0 0/0 26:23 5:16 3:55
Thomas Vanek 1 0 1 -1 0 1 1 1 1 1 1/2 23:19 5:09 3:47
Tom Poti 0 0 0 -3 0 0 1 4 1 1 0/0 24:46 5:16 3:55
Tyler Ennis 0 0 0 -2 0 1 2 1 0 1 0/0 12:31 0:00 0:00
Tyler Myers 0 0 0 -3 0 1 1 4 0 1 0/0 14:03 0:00 0:00
Players Stats for Blue Jackets
Player Name G A P +/- PIM S H SB GA TA FO MP PP MP PK MP
------------------------------------------------------------------------------------
Adam Deadmarsh 0 1 1 1 0 0 1 0 1 0 0/0 7:05 0:00 0:00
Blake Wheeler 0 0 0 0 0 0 2 0 1 0 0/1 19:05 3:03 2:25
Brad Stuart 0 1 1 1 0 0 3 1 0 0 0/0 11:26 0:30 0:00
Branislav Mezei 0 0 0 1 2 5 1 0 1 0 0/0 25:30 3:49 2:21
Chris Kelly 1 1 2 2 0 3 1 0 0 0 8/14 15:18 0:00 5:35
Dave Steckel 1 0 1 1 0 3 1 0 0 0 1/2 7:11 0:00 0:06
David Booth 1 0 1 0 2 2 5 0 0 0 0/1 20:03 3:56 1:16
François Beauchemin 0 0 0 0 0 1 2 0 0 0 0/0 22:00 2:48 5:28
Jan Bulis 0 0 0 -1 0 3 2 0 0 0 4/11 17:42 3:03 2:25
Jason Ward 0 1 1 2 2 1 0 0 0 0 0/0 9:27 0:00 0:00
Jeff Taffe 0 1 1 1 0 4 2 0 0 2 1/2 9:21 0:00 1:51
Kevin Bieksa 0 1 1 0 0 1 0 0 1 0 0/0 18:03 2:46 1:25
Marc Savard 0 1 1 0 2 3 0 0 1 0 18/32 18:22 3:56 0:00
Marcus Nilson 0 0 0 -1 0 1 2 2 0 0 0/1 15:38 3:03 0:09
Mike Commodore 0 0 0 1 0 2 0 1 0 1 0/0 16:34 0:16 5:21
Pavel Bure 0 0 0 -1 2 0 0 1 0 0 1/1 15:56 3:46 0:00
Ramzi Abid 1 0 1 2 2 2 0 0 3 0 1/1 14:14 0:09 4:13
Wade Redden 0 0 0 1 0 3 1 0 0 0 0/0 26:42 3:49 3:39
3 Stars
1 - Chris Kelly (Clb)
2 - Ales Hemsky (Was)
3 - Paul Stastny (Was)
Power Play
Capitals - 1 on 6 Attempt(s) - 16,67%
Blue Jackets - 0 on 4 Attempt(s) - 0,00%
Penalty Kill
Capitals - 4 on 4 Attempt(s) - 100,00%
- Score 0 goal in Penalty Kill
Blue Jackets - 5 on 6 Attempt(s) - 83,33%
- Score 0 goal in Penalty Kill
Official
Referees : McCauley Wes and Walsh Ian
Linesman : Lonnie Cameron and Brian Murphy
Game Notes
No Game Note
Finance
Level 1 -- Attendance: 5852 (97,53%) -- Ticket Income 526 680 $
Level 2 -- Attendance: 4297 (85,94%) -- Ticket Income 236 335 $
Level 3 -- Attendance: 1921 (96,05%) -- Ticket Income 57 630 $
Level 4 -- Attendance: 3850 (96,25%) -- Ticket Income 77 000 $
Luxury Box -- Attendance: 790 (79,00%) -- Ticket Income 146 150 $
Game was played at the Ohio State Arena
Total Attendance: 16710 (92,83%)
Total Ticket Income: 1 043 795 $
Other Income: 156 569 $
Total Income: 1 200 364 $
Capitals
5 vs 5 Forward
Center Left Wing Right Wing Time % Phy DF OF
1 Nicklas Backstrom Thomas Vanek Jarome Iginla 40 0 1 4
2 Ryan Getzlaf Tyler Ennis Phil Kessel 35 1 1 3
3 Paul Stastny Jamie Benn Ales Hemsky 20 1 2 2
4 David Krejci Chris Kunitz James Van Riemsdyk 5 1 2 2
5 vs 5 Defense
Defense Defense Time % Phy DF OF
1 Ryan Suter Sergei Gonchar 40 0 2 3
2 Tom Poti Tyler Myers 30 1 2 2
3 Anton Volchenkov Jay Harrison 20 2 2 1
4 Ryan Suter Tom Poti 10 0 1 4
PowerPlay Forward
Center Left Wing Right Wing Time % Phy DF OF
1 Nicklas Backstrom Thomas Vanek Jarome Iginla 60 1 2 2
2 Ryan Getzlaf Chris Kunitz Paul Stastny 40 1 2 2
PowerPlay Defense
Defense Defense Time % Phy DF OF
1 Tom Poti Sergei Gonchar 60 1 2 2
2 Ryan Suter Anton Volchenkov 40 1 2 2
Penalty Kill 4 Players Forward
Center Wing Time % Phy DF OF
1 Jarome Iginla Thomas Vanek 60 1 2 2
2 Nicklas Backstrom Paul Stastny 40 1 2 2
Penalty Kill 4 Players Defense
Defense Defense Time % Phy DF OF
1 Tom Poti Sergei Gonchar 60 1 2 2
2 Ryan Suter Anton Volchenkov 40 1 2 2
Penalty Kill - 3 Players Forward
Forward Time % Phy DF OF
1 Jarome Iginla 60 1 2 2
2 Thomas Vanek 40 1 2 2
Penalty Kill - 3 Players Defense
Defense Defense Time % Phy DF OF
1 Tom Poti Sergei Gonchar 60 1 2 2
2 Ryan Suter Anton Volchenkov 40 1 2 2
4 vs 4 Forward
Center Wing Time % Phy DF OF
1 Ryan Getzlaf Jarome Iginla 60 1 2 2
2 Nicklas Backstrom Thomas Vanek 40 1 2 2
4 vs 4 Defense
Defense Defense Time % Phy DF OF
1 Tom Poti Sergei Gonchar 60 1 2 2
2 Ryan Suter Anton Volchenkov 40 1 2 2
Last Minutes Offensive
Center Left Wing Right Wing Defense Defense
Nicklas Backstrom Thomas Vanek Jarome Iginla Tom Poti Sergei Gonchar
Last Minutes Defensive
Center Left Wing Right Wing Defense Defense
Nicklas Backstrom Thomas Vanek Jarome Iginla Tom Poti Sergei Gonchar
Goaltenders
Starting : Jonathan Bernier
Backup : Barry Brust
Extra Forwards
Normal : Nicklas Backstrom, Jarome Iginla, Phil Kessel - PP : Ryan Getzlaf, Nicklas Backstrom - PK : Jarome Iginla
Extra Defensemen
Normal : Ryan Suter, Sergei Gonchar, Tom Poti - PP : Ryan Suter - PK : Anton Volchenkov, Ryan Suter
Penalty Shots
Jarome Iginla, Thomas Vanek, Nicklas Backstrom, Paul Stastny, Ryan Getzlaf
Blue Jackets
5 vs 5 Forward
Center Left Wing Right Wing Time % Phy DF OF
1 Marc Savard David Booth Blake Wheeler 40 1 2 2
2 Jan Bulis Marcus Nilson Pavel Bure 30 1 2 2
3 Chris Kelly Ramzi Abid Jason Ward 20 1 2 2
4 Dave Steckel Jeff Taffe Adam Deadmarsh 10 1 2 2
5 vs 5 Defense
Defense Defense Time % Phy DF OF
1 Branislav Mezei Wade Redden 40 1 2 2
2 Kevin Bieksa François Beauchemin 30 1 2 2
3 Brad Stuart Mike Commodore 20 1 2 2
4 Branislav Mezei Wade Redden 10 1 2 2
PowerPlay Forward
Center Left Wing Right Wing Time % Phy DF OF
1 Marc Savard David Booth Pavel Bure 60 1 2 2
2 Jan Bulis Marcus Nilson Blake Wheeler 40 1 2 2
PowerPlay Defense
Defense Defense Time % Phy DF OF
1 Branislav Mezei Wade Redden 60 1 2 2
2 Kevin Bieksa François Beauchemin 40 1 2 2
Penalty Kill 4 Players Forward
Center Wing Time % Phy DF OF
1 Chris Kelly Ramzi Abid 60 1 2 2
2 Jan Bulis Blake Wheeler 40 1 2 2
Penalty Kill 4 Players Defense
Defense Defense Time % Phy DF OF
1 Mike Commodore François Beauchemin 60 1 2 2
2 Branislav Mezei Wade Redden 40 1 2 2
Penalty Kill - 3 Players Forward
Forward Time % Phy DF OF
1 Chris Kelly 60 1 2 2
2 Jan Bulis 40 1 2 2
Penalty Kill - 3 Players Defense
Defense Defense Time % Phy DF OF
1 Mike Commodore Wade Redden 60 1 2 2
2 François Beauchemin Branislav Mezei 40 1 2 2
4 vs 4 Forward
Center Wing Time % Phy DF OF
1 Marc Savard David Booth 60 1 2 2
2 Chris Kelly Pavel Bure 40 1 2 2
4 vs 4 Defense
Defense Defense Time % Phy DF OF
1 Branislav Mezei Wade Redden 60 1 2 2
2 Kevin Bieksa François Beauchemin 40 1 2 2
Last Minutes Offensive
Center Left Wing Right Wing Defense Defense
Marc Savard David Booth Pavel Bure Branislav Mezei Wade Redden
Last Minutes Defensive
Center Left Wing Right Wing Defense Defense
Marc Savard David Booth Pavel Bure Branislav Mezei Wade Redden
Goaltenders
Starting : Rick DiPietro
Backup : Mathieu Garon
Extra Forwards
Normal : Ramzi Abid, Jan Bulis, Jeff Taffe - PP : Ramzi Abid, Jan Bulis - PK : Jeff Taffe
Extra Defensemen
Normal : Brad Stuart, Mike Commodore, Kevin Bieksa - PP : Brad Stuart - PK : Mike Commodore, Kevin Bieksa
Penalty Shots
Marc Savard, David Booth, Pavel Bure, Blake Wheeler, Chris Kelly
% Time on Ice - Capitals
Lines # - Real PCT - Wanted PCT - Time Play
Normal Forward
1 - 33% - 40% - 14:17
2 - 30% - 35% - 12:52
3 - 22% - 20% - 9:37
4 - 14% - 5% - 6:11
Normal Defense
1 - 38% - 40% - 16:13
2 - 35% - 30% - 14:50
3 - 23% - 20% - 9:50
4 - 5% - 10% - 2:04
PP Forward
1 - 52% - 60% - 4:46
2 - 48% - 40% - 4:21
PP Defense
1 - 58% - 60% - 5:16
2 - 42% - 40% - 3:51
PK Forward
1 - 80% - 60% - 5:35
2 - 20% - 40% - 1:24
PK Defense
1 - 56% - 60% - 3:55
2 - 44% - 40% - 3:04
PK3 Forward
1 - 0% - 60%
2 - 0% - 40%
PK3 Defense
1 - 0% - 60%
2 - 0% - 40%
44 Forward
1 - 86% - 60% - 0:49
2 - 14% - 40% - 0:08
44 Defense
1 - 100% - 60% - 0:57
2 - 0% - 40% - 0:00
Last Minute Offensive - 0:00
Last Minute Defensive - 0:00
Total
Forward - 60:00
Defense - 60:00
|
% Time on Ice - Blue Jackets
Lines # - Real PCT - Wanted PCT - Time Play
Normal Forward
1 - 33% - 40% - 14:19
2 - 28% - 30% - 12:14
3 - 22% - 20% - 9:19
4 - 16% - 10% - 7:05
Normal Defense
1 - 40% - 40% - 17:05
2 - 34% - 30% - 14:37
3 - 25% - 20% - 10:40
4 - 1% - 10% - 0:35
PP Forward
1 - 56% - 60% - 3:56
2 - 44% - 40% - 3:03
PP Defense
1 - 58% - 60% - 4:01
2 - 42% - 40% - 2:58
PK Forward
1 - 72% - 60% - 6:24
2 - 28% - 40% - 2:30
PK Defense
1 - 58% - 60% - 5:08
2 - 42% - 40% - 3:46
PK3 Forward
1 - 100% - 60% - 0:13
2 - 0% - 40% - 0:00
PK3 Defense
1 - 100% - 60% - 0:13
2 - 0% - 40% - 0:00
44 Forward
1 - 86% - 60% - 0:49
2 - 14% - 40% - 0:08
44 Defense
1 - 72% - 60% - 0:41
2 - 28% - 40% - 0:16
Last Minute Offensive - 0:00
Last Minute Defensive - 0:00
Total
Forward - 60:00
Defense - 60:00
|
Play by Play
1st period
0:01 of 1st period - Marc Savard wins face-off versus Nicklas Backstrom in neutral zone.
0:11 of 1st period - Minor Penalty to David Booth for Holding.
0:12 of 1st period - Chris Kelly wins face-off versus Nicklas Backstrom in Blue Jackets zone.
1:35 of 1st period - François Beauchemin is hit by Tom Poti and loses puck.
2:11 of 1st period - Penalty to David Booth is over, David Booth is back on ice.
3:05 of 1st period - Ryan Getzlaf is hit by Brad Stuart and loses puck.
3:49 of 1st period - Sergei Gonchar is hit by Brad Stuart.
4:17 of 1st period - David Krejci is hit by Jeff Taffe and loses puck.
4:22 of 1st period - Slapshot by Jeff Taffe.
4:22 of 1st period - Stopped by Jonathan Bernier with a rebound.
4:24 of 1st period - Wrist shot by François Beauchemin.
4:24 of 1st period - Stopped by Jonathan Bernier with a rebound.
4:44 of 1st period - Wrist shot by Phil Kessel.
4:44 of 1st period - Shot Misses the Net.
5:00 of 1st period - Ramzi Abid is hit by Jarome Iginla and loses puck.
5:11 of 1st period - Ryan Suter is hit by Brad Stuart and loses puck.
5:31 of 1st period - Snap shot by Jeff Taffe.
5:31 of 1st period - Stopped by Jonathan Bernier with a rebound.
5:33 of 1st period - Slapshot by Wade Redden.
5:33 of 1st period - Stopped by Jonathan Bernier without a rebound.
5:34 of 1st period - Nicklas Backstrom wins face-off versus Jan Bulis in Capitals zone.
5:46 of 1st period - Tom Poti is hit by Jan Bulis and loses puck.
6:08 of 1st period - Ryan Getzlaf is hit by David Booth and loses puck.
6:25 of 1st period - François Beauchemin is hit by Paul Stastny and loses puck.
7:42 of 1st period - Snap shot by Ryan Getzlaf.
7:42 of 1st period - Shot Misses the Net.
8:02 of 1st period - Wrist shot by Thomas Vanek.
8:02 of 1st period - Shot Misses the Net.
8:04 of 1st period - Snap shot by Jarome Iginla.
8:04 of 1st period - Stopped by Rick DiPietro without a rebound.
8:05 of 1st period - Dave Steckel wins face-off versus Nicklas Backstrom in Blue Jackets zone.
8:35 of 1st period - Snap shot by Marc Savard.
8:35 of 1st period - Shot Misses the Net.
8:37 of 1st period - Slapshot by Blake Wheeler.
8:37 of 1st period - Shot Misses the Net.
8:39 of 1st period - Slapshot by Mike Commodore.
8:39 of 1st period - Shot Misses the Net.
9:08 of 1st period - Branislav Mezei is hit by Jamie Benn.
9:26 of 1st period - Snap shot by Chris Kelly.
9:26 of 1st period - Shot Misses the Net.
9:28 of 1st period - Slapshot by Branislav Mezei.
9:28 of 1st period - Deflect By Thomas Vanek.
9:28 of 1st period - Stopped by Jonathan Bernier with a rebound.
9:38 of 1st period - Wrist shot by Jeff Taffe.
9:38 of 1st period - Shot Blocked by Tyler Myers.
9:43 of 1st period - Off-side.
9:44 of 1st period - David Krejci wins face-off versus Dave Steckel in neutral zone.
10:09 of 1st period - Snap shot by Ryan Getzlaf.
10:09 of 1st period - Stopped by Rick DiPietro without a rebound.
10:10 of 1st period - Marc Savard wins face-off versus Ryan Getzlaf in Blue Jackets zone.
10:10 of 1st period - Marc Savard is hit by Tyler Ennis.
10:16 of 1st period - Slapshot by Branislav Mezei.
10:16 of 1st period - Stopped by Jonathan Bernier without a rebound.
10:17 of 1st period - Marc Savard wins face-off versus Nicklas Backstrom in Capitals zone.
10:24 of 1st period - Slapshot by David Booth.
10:24 of 1st period - Deflect By Blake Wheeler.
10:24 of 1st period - Shot Misses the Net.
10:24 of 1st period - Puck is out of play.
10:25 of 1st period - Marc Savard wins face-off versus Nicklas Backstrom in Capitals zone.
10:36 of 1st period - Jarome Iginla is hit by David Booth and loses puck.
11:16 of 1st period - Slapshot by Ales Hemsky.
11:16 of 1st period - Stopped by Rick DiPietro with a rebound.
12:15 of 1st period - Snap shot by Phil Kessel.
12:15 of 1st period - Stopped by Rick DiPietro with a rebound.
12:17 of 1st period - Snap shot by Phil Kessel.
12:17 of 1st period - Deflect By Dave Steckel.
12:17 of 1st period - Shot Misses the Net.
12:17 of 1st period - Puck is out of play.
12:18 of 1st period - Marc Savard wins face-off versus Nicklas Backstrom in Blue Jackets zone.
12:18 of 1st period - Marc Savard is hit by Jarome Iginla.
12:50 of 1st period - Off-side.
12:51 of 1st period - Jan Bulis wins face-off versus Paul Stastny in neutral zone.
13:18 of 1st period - Off-side.
13:19 of 1st period - Chris Kelly wins face-off versus Nicklas Backstrom in neutral zone.
13:24 of 1st period - Tom Poti is hit by Wade Redden and loses puck.
13:31 of 1st period - Wrist shot by Ramzi Abid.
13:31 of 1st period - Deflect By Jason Ward.
13:31 of 1st period - Stopped by Jonathan Bernier with a rebound.
13:33 of 1st period - Snap shot by Ramzi Abid.
13:33 of 1st period - Goal by Ramzi Abid - Capitals : 0 - Blue Jackets : 1.
13:34 of 1st period - Nicklas Backstrom wins face-off versus Blake Wheeler in neutral zone.
13:39 of 1st period - Wrist shot by Nicklas Backstrom.
13:39 of 1st period - Stopped by Rick DiPietro with a rebound.
13:46 of 1st period - Branislav Mezei is hit by Ryan Suter and loses puck.
14:05 of 1st period - Snap shot by Marcus Nilson.
14:05 of 1st period - Stopped by Jonathan Bernier with a rebound.
14:20 of 1st period - Minor Penalty to Jay Harrison for Slashing.
14:21 of 1st period - Marc Savard wins face-off versus Jarome Iginla in Capitals zone.
14:23 of 1st period - Snap shot by Marc Savard.
14:23 of 1st period - Shot Misses the Net.
14:25 of 1st period - Slapshot by Wade Redden.
14:25 of 1st period - Shot Blocked by Sergei Gonchar.
14:27 of 1st period - Snap shot by Marc Savard.
14:27 of 1st period - Stopped by Jonathan Bernier without a rebound.
14:28 of 1st period - Marc Savard wins face-off versus Jarome Iginla in Capitals zone.
15:23 of 1st period - Snap shot by Nicklas Backstrom.
15:23 of 1st period - Shot Misses the Net.
16:20 of 1st period - Penalty to Jay Harrison is over, Jay Harrison is back on ice.
16:42 of 1st period - Mike Commodore is hit by Thomas Vanek and loses puck.
17:15 of 1st period - Marcus Nilson is hit by Tyler Myers.
17:19 of 1st period - Marcus Nilson is hit by Ales Hemsky and loses puck.
17:36 of 1st period - Ryan Suter is hit by Chris Kelly and loses puck.
18:05 of 1st period - Snap shot by Tyler Ennis.
18:05 of 1st period - Deflect By Ryan Getzlaf.
18:05 of 1st period - Stopped by Rick DiPietro without a rebound.
18:06 of 1st period - Marc Savard wins face-off versus Ryan Getzlaf in Blue Jackets zone.
18:59 of 1st period - Snap shot by Dave Steckel.
18:59 of 1st period - Shot Misses the Net.
19:03 of 1st period - Snap shot by Jeff Taffe.
19:03 of 1st period - Deflect By Dave Steckel.
19:03 of 1st period - Stopped by Jonathan Bernier with a rebound.
19:13 of 1st period - Snap shot by Jan Bulis.
19:13 of 1st period - Shot Blocked by Sergei Gonchar.
19:53 of 1st period - Slapshot by Sergei Gonchar.
19:53 of 1st period - Stopped by Rick DiPietro with a rebound.
19:59 of 1st period - Slapshot by Kevin Bieksa.
19:59 of 1st period - Stopped by Jonathan Bernier without a rebound.
Goals for this period are 0 for Capitals vs 1 for Blue Jackets.
Shots for this period are 7 for Capitals vs 12 for Blue Jackets.
2nd period
0:01 of 2nd period - Marc Savard wins face-off versus Nicklas Backstrom in neutral zone.
0:14 of 2nd period - Backhand shot by Nicklas Backstrom.
0:14 of 2nd period - Shot Misses the Net.
0:57 of 2nd period - Snap shot by Jeff Taffe.
0:57 of 2nd period - Stopped by Jonathan Bernier without a rebound.
0:58 of 2nd period - Nicklas Backstrom wins face-off versus Marc Savard in Capitals zone.
1:50 of 2nd period - Ramzi Abid is hit by Tyler Ennis and loses puck.
2:24 of 2nd period - Slapshot by Jay Harrison.
2:24 of 2nd period - Shot Misses the Net.
2:39 of 2nd period - Off-side.
2:40 of 2nd period - Phil Kessel wins face-off versus Jan Bulis in neutral zone.
2:53 of 2nd period - Snap shot by Phil Kessel.
2:53 of 2nd period - Shot Blocked by Marcus Nilson.
2:55 of 2nd period - Snap shot by Ryan Suter.
2:55 of 2nd period - Stopped by Rick DiPietro without a rebound.
2:56 of 2nd period - Nicklas Backstrom wins face-off versus Marc Savard in Blue Jackets zone.
2:57 of 2nd period - Snap shot by Thomas Vanek.
2:57 of 2nd period - Shot Misses the Net.
2:59 of 2nd period - Minor Penalty to Branislav Mezei for Tripping.
3:00 of 2nd period - Nicklas Backstrom wins face-off versus Chris Kelly in Blue Jackets zone.
4:06 of 2nd period - Off-side.
4:07 of 2nd period - Jeff Taffe wins face-off versus Ryan Getzlaf in neutral zone.
4:10 of 2nd period - Ryan Getzlaf is hit by François Beauchemin and loses puck.
4:33 of 2nd period - Jeff Taffe is hit by Ryan Suter and loses puck.
4:59 of 2nd period - Penalty to Branislav Mezei is over, Branislav Mezei is back on ice.
5:14 of 2nd period - Off-side.
5:15 of 2nd period - Paul Stastny wins face-off versus Marcus Nilson in neutral zone.
5:17 of 2nd period - Off-side.
5:18 of 2nd period - Ryan Getzlaf wins face-off versus Jan Bulis in neutral zone.
5:21 of 2nd period - Snap shot by Ryan Getzlaf.
5:21 of 2nd period - Shot Blocked by Mike Commodore.
5:23 of 2nd period - Snap shot by Ryan Getzlaf.
5:23 of 2nd period - Stopped by Rick DiPietro with a rebound.
5:25 of 2nd period - Slapshot by Anton Volchenkov.
5:25 of 2nd period - Stopped by Rick DiPietro without a rebound.
5:26 of 2nd period - Marc Savard wins face-off versus Ryan Getzlaf in Blue Jackets zone.
5:43 of 2nd period - Blake Wheeler is hit by Ryan Getzlaf and loses puck.
5:59 of 2nd period - Off-side.
6:00 of 2nd period - Nicklas Backstrom wins face-off versus Jan Bulis in neutral zone.
6:30 of 2nd period - Wrist shot by David Booth.
6:30 of 2nd period - Shot Blocked by Tyler Myers.
6:32 of 2nd period - Wrist shot by Marc Savard.
6:32 of 2nd period - Deflect By David Booth.
6:32 of 2nd period - Goal by David Booth - Capitals : 0 - Blue Jackets : 2.
6:33 of 2nd period - Nicklas Backstrom wins face-off versus Marc Savard in neutral zone.
6:37 of 2nd period - Sergei Gonchar is hit by Branislav Mezei and loses puck.
6:40 of 2nd period - Minor Penalty to Marc Savard for Interference.
6:41 of 2nd period - Nicklas Backstrom wins face-off versus Chris Kelly in Blue Jackets zone.
6:49 of 2nd period - Minor Penalty to Ramzi Abid for Hooking.
6:50 of 2nd period - Thomas Vanek wins face-off versus Chris Kelly in Blue Jackets zone.
7:02 of 2nd period - Snap shot by Jarome Iginla.
7:02 of 2nd period - Deflect By Thomas Vanek.
7:02 of 2nd period - Goal by Thomas Vanek - Capitals : 1 - Blue Jackets : 2.
7:03 of 2nd period - Chris Kelly wins face-off versus Nicklas Backstrom in neutral zone.
7:06 of 2nd period - Thomas Vanek is hit by Jeff Taffe and loses puck.
7:19 of 2nd period - Slapshot by Jeff Taffe.
7:19 of 2nd period - Deflect By Chris Kelly.
7:19 of 2nd period - Shot Misses the Net.
7:19 of 2nd period - Puck is out of play.
7:20 of 2nd period - Chris Kelly wins face-off versus Ryan Getzlaf in Capitals zone.
7:25 of 2nd period - Snap shot by Jeff Taffe.
7:25 of 2nd period - Stopped by Jonathan Bernier without a rebound.
7:26 of 2nd period - Ryan Getzlaf wins face-off versus Jeff Taffe in Capitals zone.
7:37 of 2nd period - Snap shot by Chris Kelly.
7:37 of 2nd period - Shot Misses the Net.
8:49 of 2nd period - Penalty to Ramzi Abid is over, Ramzi Abid is back on ice.
8:56 of 2nd period - Pavel Bure is hit by Paul Stastny and loses puck.
9:07 of 2nd period - Snap shot by Tom Poti.
9:07 of 2nd period - Deflect By Jamie Benn.
9:07 of 2nd period - Shot Blocked by Marcus Nilson.
9:07 of 2nd period - Puck is out of play.
9:08 of 2nd period - Marc Savard wins face-off versus Phil Kessel in Blue Jackets zone.
10:11 of 2nd period - Marc Savard is hit by Paul Stastny and loses puck.
10:18 of 2nd period - Snap shot by Paul Stastny.
10:18 of 2nd period - Deflect By Ales Hemsky.
10:18 of 2nd period - Goal by Ales Hemsky - Capitals : 2 - Blue Jackets : 2.
10:19 of 2nd period - Nicklas Backstrom wins face-off versus Marc Savard in neutral zone.
10:26 of 2nd period - Snap shot by Nicklas Backstrom.
10:26 of 2nd period - Deflect By Marc Savard.
10:26 of 2nd period - Shot Misses the Net.
10:26 of 2nd period - Puck is out of play.
10:27 of 2nd period - Nicklas Backstrom wins face-off versus Marc Savard in Blue Jackets zone.
10:38 of 2nd period - Slapshot by Thomas Vanek.
10:38 of 2nd period - Shot Misses the Net.
10:40 of 2nd period - Snap shot by Ryan Suter.
10:40 of 2nd period - Shot Misses the Net.
10:42 of 2nd period - Slapshot by Nicklas Backstrom.
10:42 of 2nd period - Stopped by Rick DiPietro without a rebound.
10:43 of 2nd period - Ryan Getzlaf wins face-off versus Jan Bulis in Blue Jackets zone.
11:22 of 2nd period - Wrist shot by Nicklas Backstrom.
11:22 of 2nd period - Stopped by Rick DiPietro with a rebound.
11:36 of 2nd period - Snap shot by Ramzi Abid.
11:36 of 2nd period - Deflect By Chris Kelly.
11:36 of 2nd period - Stopped by Jonathan Bernier without a rebound.
11:37 of 2nd period - Chris Kelly wins face-off versus Ryan Getzlaf in Capitals zone.
11:50 of 2nd period - Slapshot by Ryan Getzlaf.
11:50 of 2nd period - Stopped by Rick DiPietro without a rebound.
11:51 of 2nd period - Marc Savard wins face-off versus Nicklas Backstrom in Blue Jackets zone.
11:56 of 2nd period - Wrist shot by Nicklas Backstrom.
11:56 of 2nd period - Stopped by Rick DiPietro without a rebound.
11:57 of 2nd period - Marc Savard wins face-off versus Thomas Vanek in Blue Jackets zone.
11:57 of 2nd period - Marc Savard is hit by Ryan Suter.
12:57 of 2nd period - Snap shot by Chris Kelly.
12:57 of 2nd period - Shot Misses the Net.
13:13 of 2nd period - Snap shot by David Booth.
13:13 of 2nd period - Shot Blocked by Tom Poti.
13:35 of 2nd period - Snap shot by Jarome Iginla.
13:35 of 2nd period - Stopped by Rick DiPietro with a rebound.
14:13 of 2nd period - Wrist shot by Ales Hemsky.
14:13 of 2nd period - Stopped by Rick DiPietro with a rebound.
14:15 of 2nd period - Backhand shot by Paul Stastny.
14:15 of 2nd period - Stopped by Rick DiPietro with a rebound.
15:16 of 2nd period - Wrist shot by Ramzi Abid.
15:16 of 2nd period - Stopped by Jonathan Bernier without a rebound.
15:17 of 2nd period - Chris Kelly wins face-off versus Ryan Getzlaf in Capitals zone.
15:30 of 2nd period - Backhand shot by Tyler Myers.
15:30 of 2nd period - Stopped by Rick DiPietro with a rebound.
15:44 of 2nd period - Tyler Myers is hit by David Booth and loses puck.
16:13 of 2nd period - Snap shot by David Krejci.
16:13 of 2nd period - Shot Misses the Net.
16:25 of 2nd period - Paul Stastny is hit by Adam Deadmarsh and loses puck.
16:31 of 2nd period - Minor Penalty to Jamie Benn for Roughing.
16:32 of 2nd period - Marc Savard wins face-off versus Jarome Iginla in Capitals zone.
16:32 of 2nd period - Wrist shot by David Booth.
16:32 of 2nd period - Shot Blocked by Tom Poti.
16:34 of 2nd period - Wrist shot by David Booth.
16:34 of 2nd period - Shot Blocked by Thomas Vanek.
16:44 of 2nd period - Wrist shot by Marc Savard.
16:44 of 2nd period - Shot Blocked by Tom Poti.
17:04 of 2nd period - Tom Poti is hit by Blake Wheeler and loses puck.
17:48 of 2nd period - Blake Wheeler is hit by Nicklas Backstrom and loses puck.
18:22 of 2nd period - Marcus Nilson is hit by Ryan Suter and loses puck.
18:31 of 2nd period - Penalty to Jamie Benn is over, Jamie Benn is back on ice.
18:46 of 2nd period - Snap shot by Chris Kelly.
18:46 of 2nd period - Goal by Chris Kelly - Capitals : 2 - Blue Jackets : 3.
18:47 of 2nd period - Nicklas Backstrom wins face-off versus Chris Kelly in neutral zone.
18:50 of 2nd period - Snap shot by Nicklas Backstrom.
18:50 of 2nd period - Stopped by Rick DiPietro without a rebound.
18:51 of 2nd period - Chris Kelly wins face-off versus Nicklas Backstrom in Blue Jackets zone.
19:02 of 2nd period - Snap shot by Ramzi Abid.
19:02 of 2nd period - Shot Misses the Net.
19:04 of 2nd period - Slapshot by Mike Commodore.
19:04 of 2nd period - Stopped by Jonathan Bernier without a rebound.
19:05 of 2nd period - Nicklas Backstrom wins face-off versus Marc Savard in Capitals zone.
19:07 of 2nd period - Minor Penalty to Nicklas Backstrom for High sticking.
19:08 of 2nd period - Jarome Iginla wins face-off versus Marc Savard in Capitals zone.
Goals for this period are 2 for Capitals vs 2 for Blue Jackets.
Shots for this period are 14 for Capitals vs 7 for Blue Jackets.
3rd period
0:01 of 3rd period - Jarome Iginla wins face-off versus David Booth in neutral zone.
0:09 of 3rd period - Minor Penalty to Pavel Bure for Slashing.
0:10 of 3rd period - Marc Savard wins face-off versus Ryan Getzlaf in Blue Jackets zone.
0:20 of 3rd period - Slapshot by Marc Savard.
0:20 of 3rd period - Shot Blocked by Tom Poti.
0:22 of 3rd period - Slapshot by Wade Redden.
0:22 of 3rd period - Stopped by Jonathan Bernier without a rebound.
0:23 of 3rd period - Marc Savard wins face-off versus Ryan Getzlaf in Capitals zone.
0:30 of 3rd period - Snap shot by David Booth.
0:30 of 3rd period - Stopped by Jonathan Bernier with a rebound.
0:32 of 3rd period - Slapshot by Branislav Mezei.
0:32 of 3rd period - Stopped by Jonathan Bernier with a rebound.
0:34 of 3rd period - Wrist shot by Marc Savard.
0:34 of 3rd period - Stopped by Jonathan Bernier with a rebound.
0:36 of 3rd period - Slapshot by Branislav Mezei.
0:36 of 3rd period - Shot Misses the Net.
0:38 of 3rd period - Slapshot by Wade Redden.
0:38 of 3rd period - Shot Blocked by Sergei Gonchar.
1:07 of 3rd period - Penalty to Nicklas Backstrom is over, Nicklas Backstrom is back on ice.
1:08 of 3rd period - Slapshot by Phil Kessel.
1:08 of 3rd period - Shot Misses the Net.
1:35 of 3rd period - Wrist shot by Ryan Getzlaf.
1:35 of 3rd period - Shot Misses the Net.
2:09 of 3rd period - Penalty to Pavel Bure is over, Pavel Bure is back on ice.
2:45 of 3rd period - Mike Commodore is hit by Ales Hemsky and loses puck.
4:10 of 3rd period - Snap shot by Ryan Getzlaf.
4:10 of 3rd period - Shot Misses the Net.
4:25 of 3rd period - Adam Deadmarsh is hit by Jay Harrison and loses puck.
5:04 of 3rd period - Pavel Bure is hit by Ales Hemsky.
6:15 of 3rd period - Jarome Iginla is hit by Jan Bulis and loses puck.
6:32 of 3rd period - Wrist shot by Ales Hemsky.
6:32 of 3rd period - Stopped by Rick DiPietro with a rebound.
6:40 of 3rd period - Wrist shot by Ales Hemsky.
6:40 of 3rd period - Stopped by Rick DiPietro without a rebound.
6:41 of 3rd period - Ryan Getzlaf wins face-off versus Marc Savard in Blue Jackets zone.
6:50 of 3rd period - Wrist shot by Marc Savard.
6:50 of 3rd period - Shot Blocked by Tyler Myers.
6:56 of 3rd period - Slapshot by Blake Wheeler.
6:56 of 3rd period - Deflect By David Booth.
6:56 of 3rd period - Shot Misses the Net.
6:56 of 3rd period - Puck is out of play.
6:57 of 3rd period - Nicklas Backstrom wins face-off versus Jan Bulis in Capitals zone.
7:02 of 3rd period - Wrist shot by Marcus Nilson.
7:02 of 3rd period - Deflect By Jan Bulis.
7:02 of 3rd period - Shot Misses the Net.
7:02 of 3rd period - Puck is out of play.
7:03 of 3rd period - Nicklas Backstrom wins face-off versus Jan Bulis in Capitals zone.
7:03 of 3rd period - Nicklas Backstrom is hit by Marcus Nilson.
7:14 of 3rd period - Slapshot by Wade Redden.
7:14 of 3rd period - Deflect By Jan Bulis.
7:14 of 3rd period - Stopped by Jonathan Bernier without a rebound.
7:15 of 3rd period - Nicklas Backstrom wins face-off versus Marc Savard in Capitals zone.
7:47 of 3rd period - Slapshot by Kevin Bieksa.
7:47 of 3rd period - Shot Blocked by Tyler Ennis.
8:09 of 3rd period - Snap shot by Ryan Suter.
8:09 of 3rd period - Shot Blocked by Brad Stuart.
8:28 of 3rd period - Snap shot by Chris Kelly.
8:28 of 3rd period - Shot Misses the Net.
8:52 of 3rd period - Thomas Vanek is hit by David Booth and loses puck.
9:19 of 3rd period - Snap shot by Pavel Bure.
9:19 of 3rd period - Shot Misses the Net.
9:37 of 3rd period - Snap shot by Jeff Taffe.
9:37 of 3rd period - Shot Misses the Net.
9:39 of 3rd period - Slapshot by Mike Commodore.
9:39 of 3rd period - Stopped by Jonathan Bernier with a rebound.
9:41 of 3rd period - Snap shot by Adam Deadmarsh.
9:41 of 3rd period - Shot Misses the Net.
9:45 of 3rd period - Wrist shot by Dave Steckel.
9:45 of 3rd period - Shot Misses the Net.
9:59 of 3rd period - David Krejci is hit by François Beauchemin and loses puck.
10:03 of 3rd period - Icing by Jay Harrison.
10:04 of 3rd period - Jan Bulis wins face-off versus David Krejci in Capitals zone.
10:13 of 3rd period - Snap shot by Jan Bulis.
10:13 of 3rd period - Stopped by Jonathan Bernier without a rebound.
10:14 of 3rd period - Jan Bulis wins face-off versus Nicklas Backstrom in Capitals zone.
10:17 of 3rd period - Snap shot by Jan Bulis.
10:17 of 3rd period - Stopped by Jonathan Bernier with a rebound.
10:19 of 3rd period - Wrist shot by Wade Redden.
10:19 of 3rd period - Deflect By Thomas Vanek.
10:19 of 3rd period - Stopped by Jonathan Bernier without a rebound.
10:20 of 3rd period - Nicklas Backstrom wins face-off versus Marc Savard in Capitals zone.
10:29 of 3rd period - Wrist shot by Wade Redden.
10:29 of 3rd period - Shot Blocked by Tyler Myers.
10:31 of 3rd period - Snap shot by Marc Savard.
10:31 of 3rd period - Shot Misses the Net.
10:33 of 3rd period - Slapshot by Branislav Mezei.
10:33 of 3rd period - Stopped by Jonathan Bernier without a rebound.
10:34 of 3rd period - Marc Savard wins face-off versus Nicklas Backstrom in Capitals zone.
10:35 of 3rd period - Slapshot by David Booth.
10:35 of 3rd period - Shot Blocked by Ryan Suter.
10:37 of 3rd period - Slapshot by Branislav Mezei.
10:37 of 3rd period - Deflect By Sergei Gonchar.
10:37 of 3rd period - Stopped by Jonathan Bernier with a rebound.
11:20 of 3rd period - Snap shot by Nicklas Backstrom.
11:20 of 3rd period - Shot Blocked by Pavel Bure.
11:30 of 3rd period - Slapshot by Marcus Nilson.
11:30 of 3rd period - Shot Misses the Net.
12:10 of 3rd period - Wrist shot by Chris Kelly.
12:10 of 3rd period - Stopped by Jonathan Bernier without a rebound.
12:11 of 3rd period - Ryan Getzlaf wins face-off versus Marc Savard in Capitals zone.
12:21 of 3rd period - Wrist shot by Ryan Suter.
12:21 of 3rd period - Stopped by Rick DiPietro with a rebound.
12:23 of 3rd period - Snap shot by Tyler Ennis.
12:23 of 3rd period - Stopped by Rick DiPietro without a rebound.
12:24 of 3rd period - Ryan Getzlaf wins face-off versus Marc Savard in Blue Jackets zone.
12:25 of 3rd period - Snap shot by Tyler Ennis.
12:25 of 3rd period - Deflect By Phil Kessel.
12:25 of 3rd period - Stopped by Rick DiPietro with a rebound.
12:27 of 3rd period - Wrist shot by Ryan Getzlaf.
12:27 of 3rd period - Shot Misses the Net.
12:29 of 3rd period - Slapshot by Ryan Suter.
12:29 of 3rd period - Deflect By Tyler Ennis.
12:29 of 3rd period - Shot Misses the Net.
12:29 of 3rd period - Puck is out of play.
12:30 of 3rd period - Marc Savard wins face-off versus Ryan Getzlaf in Blue Jackets zone.
12:37 of 3rd period - Slapshot by Wade Redden.
12:37 of 3rd period - Shot Blocked by Sergei Gonchar.
12:58 of 3rd period - Snap shot by Marc Savard.
12:58 of 3rd period - Stopped by Jonathan Bernier without a rebound.
12:59 of 3rd period - Jan Bulis wins face-off versus Paul Stastny in Capitals zone.
13:12 of 3rd period - Wrist shot by Ales Hemsky.
13:12 of 3rd period - Stopped by Rick DiPietro with a rebound.
13:14 of 3rd period - Wrist shot by Jamie Benn.
13:14 of 3rd period - Goal by Jamie Benn - Capitals : 3 - Blue Jackets : 3.
13:15 of 3rd period - Nicklas Backstrom wins face-off versus Marc Savard in neutral zone.
13:40 of 3rd period - Ryan Suter is hit by Marcus Nilson and loses puck.
14:15 of 3rd period - Minor Penalty to Jamie Benn for Hooking.
14:16 of 3rd period - Pavel Bure wins face-off versus Jarome Iginla in Capitals zone.
14:55 of 3rd period - Nicklas Backstrom is hit by Blake Wheeler and loses puck.
15:52 of 3rd period - Nicklas Backstrom is hit by David Booth and loses puck.
16:15 of 3rd period - Penalty to Jamie Benn is over, Jamie Benn is back on ice.
16:15 of 3rd period - Icing by Marc Savard.
16:16 of 3rd period - Paul Stastny wins face-off versus Marc Savard in Blue Jackets zone.
16:29 of 3rd period - Jay Harrison is hit by Dave Steckel and loses puck.
16:48 of 3rd period - Ramzi Abid is hit by Paul Stastny and loses puck.
17:44 of 3rd period - Wrist shot by Adam Deadmarsh.
17:44 of 3rd period - Deflect By Dave Steckel.
17:44 of 3rd period - Stopped by Jonathan Bernier with a rebound.
17:46 of 3rd period - Slapshot by Dave Steckel.
17:46 of 3rd period - Goal by Dave Steckel - Capitals : 3 - Blue Jackets : 4.
17:47 of 3rd period - Paul Stastny wins face-off versus Chris Kelly in neutral zone.
17:51 of 3rd period - Minor Penalty to Jason Ward for Holding.
17:52 of 3rd period - Ramzi Abid wins face-off versus Nicklas Backstrom in Blue Jackets zone.
18:30 of 3rd period - Icing by Ryan Getzlaf.
18:31 of 3rd period - Chris Kelly wins face-off versus Ryan Getzlaf in Capitals zone.
18:54 of 3rd period - Snap shot by Paul Stastny.
18:54 of 3rd period - Stopped by Rick DiPietro with a rebound.
18:56 of 3rd period - Slapshot by Ryan Suter.
18:56 of 3rd period - Stopped by Rick DiPietro without a rebound.
18:57 of 3rd period - Ken Hitchcock call a timeout for Capitals.
18:57 of 3rd period - Nicklas Backstrom wins face-off versus Chris Kelly in Blue Jackets zone.
19:10 of 3rd period - Capitals, Jonathan Bernier is pulled from the net.
19:51 of 3rd period - Penalty to Jason Ward is over, Jason Ward is back on ice.
Goals for this period are 1 for Capitals vs 1 for Blue Jackets.
Shots for this period are 9 for Capitals vs 15 for Blue Jackets.
Output by the SimonT Hockey Simulator (STHS) for François Prévost -- Original Page W3C XHTML 1.0 Valid